 Dungeon Crawl Stone Soup version 0.28.0 (webtiles) character file.

Game seed: 11067343035528399841

24892 emikaela the Protected (level 13, 0/103 HPs)
             Began as a Barachi Conjurer on Feb 13, 2022.
             Was an Initiate of Ignis.
             Slain by a death yak (14 damage)
             ... on level 4 of the Lair of Beasts.
             The game lasted 01:40:06 (24216 turns).

emikaela the Protected (Barachi Conjurer)          Turns: 24216, Time: 01:40:07

Health: 0/103      AC: 17    Str: 14    XL:     13   Next: 16%
Magic:  0/22       EV: 15    Int: 23    God:    Ignis [......]
Gold:   872        SH:  0    Dex: 12    Spells: 7/24 levels left

rFire   . . .      SeeInvis +   X - +4 halberd
rCold   . . .      Faith    .   (shield currently unavailable)
rNeg    + . .      Spirit   .   D - +1 robe of Maddulos {rElec rF- rCorr SInv}
rPois   .          Reflect  .   r - +2 helmet
rElec   +          Harm     .   K - +1 cloak
rCorr   +          Rampage  .   w - +1 pair of gloves
Will    .....                   U - +2 pair of boots
Stlth   ++........              L - amulet of regeneration
HPRegen 1.07/turn               O - +6 ring of strength
MPRegen 0.18/turn               V - ring of positive energy

@: studying Armour, slow
A: amphibious, slowness 1, strong legs 2, +LOS
a: Hop, Renounce Religion


You were on level 4 of the Lair of Beasts.
You worshipped Ignis.
Ignis was noncommittal.
You visited 2 branches of the dungeon, and saw 15 of its levels.
You also visited: Ossuary, Bailey and Volcano.

You collected 872 gold pieces.

Inventory:

Hand Weapons
 X - a +4 halberd (weapon)
Missiles
 b - 11 poisoned darts
 j - 28 javelins (quivered)
 x - 4 boomerangs of dispersal {!f}
 y - 9 boomerangs
Armour
 i - a scarf of harm
 r - a +2 helmet (worn)
 v - the +7 Kryia's mail coat {PotionHeal*2 rC+}
   (You took it off a kobold on level 3 of the Dungeon)

   Potions are twice as effective at healing its wearer.
   rC:        It protects you from cold.
 w - a +1 pair of gloves (worn)
 D - the +1 robe of Maddulos (worn) {rElec rF- rCorr SInv}
   (You found it on level 1 of the Lair of Beasts)

   rF:        It makes you vulnerable to fire.
   rElec:     It insulates you from electricity.
   SInv:      It lets you see invisible.
   rCorr:     It protects you from acid and corrosion.
 K - a +1 cloak (worn)
 U - a +2 pair of boots (worn)
Magical Staves
 Q - a staff of poison
Jewellery
 h - a +6 ring of strength
 z - an amulet of the acrobat
 L - an amulet of regeneration (around neck)
 O - a +6 ring of strength (left hand)
 V - a ring of positive energy (right hand)
Wands
 A - a wand of acid (4)
 B - a wand of iceblast (1)
 F - a wand of flame (4)
 G - a wand of digging (6)
Scrolls
 a - a scroll of holy word {unknown}
 d - a scroll of vulnerability {unknown}
 f - a scroll of fear
 g - 2 scrolls of fog
 l - a scroll of silence {unknown}
 m - 2 scrolls of magic mapping
 o - a scroll of immolation {!r}
 p - 2 scrolls of teleportation
 u - a scroll of summoning
 C - a scroll of blinking {unknown}
 M - a scroll of enchant weapon {unknown}
 N - a scroll of brand weapon
 T - a scroll of torment {!r}
 Z - 2 scrolls of amnesia
Potions
 c - 7 potions of curing
 e - 4 potions of mutation {!q}
 k - 3 potions of heal wounds
 n - a potion of haste
 q - 2 potions of attraction {!q}
 t - 3 potions of cancellation
 E - 2 potions of might
 H - 3 potions of flight
 I - a potion of ambrosia
 J - 6 potions of brilliance
 W - 5 potions of resistance
 Y - a potion of lignification {!q}


   Skills:
 - Level 10.0 Fighting
 + Level 14.7 Armour
 + Level 8.8 Dodging
 - Level 3.0 Stealth
 + Level 6.4 Spellcasting
 - Level 10.0 Conjurations
 - Level 12.0 Hexes
 - Level 6.0 Evocations


You had 7 spell levels left.
You knew the following spells:

 Your Spells              Type           Power      Damage    Failure   Level
a - Magic Dart            Conj           100%       1d8       1%          1
b - Dazzling Flash        Conj/Hex       100%       N/A       1%          3
c - Confusing Touch       Hex            58%        N/A       1%          3
e - Cause Fear            Hex            29%        N/A       1%          4
f - Fulminant Prism       Conj/Hex       27%        3d14      1%          4
s - Searing Ray           Conj           100%       2d8       1%          2

Your spell library contained the following spells:

 Spells                   Type           Power      Damage    Failure   Level
 Shock                    Conj/Air       100%       1d9       1%          1
 Slow                     Hex            100%       N/A       1%          1
 Static Discharge         Conj/Air       30%        N/A       1%          2
 Inner Flame              Hex/Fire       35%        N/A       1%          3
 Iskenderun's Mystic Bla  Conj/Tloc      30%        2d8       11%         4
 Sticky Flame             Conj/Fire      30%        2d5       11%         4
 Sublimation of Blood     Necr           7%         N/A       12%         2
 Wereblood                Tmut           7%         N/A       12%         2
 Swiftness                Air            7%         N/A       24%         3
 Vampiric Draining        Necr           7%         2d6       24%         3
 Airstrike                Air            3%         N/A       63%         4
 Dispel Undead            Necr           7%         3d8       63%         4
 Summon Hydra             Summ           3%         N/A       100%        7
 Discord                  Hex            29%        N/A       98%         8


Dungeon Overview and Level Annotations

Branches:
Dungeon (11/15)            Temple (0/1) D:4            Lair (4/6) D:9
 Shoals (0/4) Lair:4       Spider (0/4) Lair:4          Orc (0/2) D:10
Ossuary (visited)          Bailey (visited)         Volcano (visited)

Altars:
Trog
Zin
Ignis

Annotations:
D:7 2 transporters, Skimidon's ghost, novice VSIE
D:11 Erolcha
Lair:4 2 runed translucent doors


Innate Abilities, Weirdness & Mutations

You are amphibious.
You cover ground slowly.
You can hop long distances.
You have an extended range of vision and can be seen from far away.


Message History

The searing ray hits the death yak.
The death yak is heavily wounded.
The death yak gores you but does no damage.
The searing ray misses the death yak.
* * * LOW MAGIC WARNING * * *
You finish channelling your searing ray.
The death yak gores you!
Casting: Searing Ray (safe; 1% risk of failure)
Confirm with . or Enter, or press ? or * to list all spells.
Okay, then.
You hit the death yak.
The death yak is heavily wounded.
The death yak closely misses you. The death yak gores you!
You are too injured to fight recklessly!
Casting: Searing Ray (safe; 1% risk of failure)
Confirm with . or Enter, or press ? or * to list all spells.
Aiming: Searing Ray (safe; 1% risk of failure)
Press: ? - help, Shift-Dir - straight line, f/p - death yak
Aim: a death yak (heavily wounded, 94% to hit)
The searing ray hits the death yak.
The death yak is severely wounded. (Press . to maintain the ray.)
* * * LOW MAGIC WARNING * * *
You are ready to hop once more.
The death yak gores you!!
The searing ray hits the death yak but does no damage.
The death yak is heavily wounded.
* * * LOW MAGIC WARNING * * *
The death yak closely misses you.
The searing ray hits the death yak.
The death yak is severely wounded.
* * * LOW MAGIC WARNING * * *
The death yak gores you!!
* * * LOW HITPOINT WARNING * * *
The searing ray hits the death yak.
The death yak is severely wounded.
* * * LOW MAGIC WARNING * * *
You finish channelling your searing ray.
The death yak gores you!
You die...

###
#############.######
###.#...#.##.#.#...P##
#.....................
#.....................
#.P.P.'###P.....#.##.'
#.###..####......####.
#.##.@....#....#####..
#..#.Y....#....###....
#.##.....##......+....
#...............#.#(##
##.P#....(##....######.
#..####.####....###.##.
##..##.+##.............
#......................
##..........Y..........


You could see a death yak.

Vanquished Creatures
  A boulder beetle (D:10)
  2 hydras
  2 catoblepae
  A two-headed ogre (D:9)
  2 death yaks
  Nergalle (D:9)
  Pikel (D:6)
  A deep elf pyromancer (D:9)
  A manticore (D:11)
  An ugly thing (D:9)
  3 elephants
  Joseph (D:9)
  A torpor snail (Lair:2)
  3 cane toads
  A kobold demonologist (D:7)
  A rime drake (Lair:4)
  4 komodo dragons
  A polar bear (Lair:3)
  A troll (D:8)
  13 blink frogs
  A shadow (D:10)
  3 wyverns
  3 wraiths
  24 yaks
  A basilisk (Lair:1)
  Duvessa (D:7)
  6 water moccasins
  13 orc warriors
  A hornet zombie (D:6)
  2 ice beasts (D:6)
  2 black bears
  2 necrophages
  An ogre (D:5)
  A phantom (D:6)
  20 centaurs
  2 lemures (D:6)
  A kobold brigand (D:9)
  2 gnoll sergeants
  3 scorpions
  A water moccasin zombie (D:6)
  5 bullfrogs
  Dowan (D:7)
  5 wights (D:7)
  A killer bee (D:9)
  An electric eel (Lair:4)
  A howler monkey (D:4)
  4 centaur zombies
  A jelly (D:4)
  5 orc priests
  A bullfrog skeleton (D:5)
  3 hounds
  6 iguanas
  8 orc wizards
  2 mummies (Ossuary)
  Robin (D:3)
  2 howler monkey zombies
  9 gnolls
  8 adders
  A shadow imp (D:7)
  2 white imps
  5 adder zombies (Ossuary)
  3 worms
  4 dart slugs
  45 orcs
  18 ball pythons
  4 endoplasms
  4 giant cockroaches
  25 goblins
  16 hobgoblins
  3 jackals (D:3)
  3 quokkas
  8 bats
  2 frilled lizards
  7 gnoll zombies (Ossuary)
  A goblin zombie (D:6)
  7 hobgoblin zombies (Ossuary)
  11 kobolds
  4 kobold zombies (Ossuary)
  2 orc zombies (Ossuary)
  8 rats
379 creatures vanquished.

Vanquished Creatures (others)
  A bush (Lair:4)
  88 foxfires (D:10)
  13 fulminant prisms
  30 fungi
  22 plants
154 creatures vanquished.

Grand Total: 533 creatures vanquished

Notes
Turn   | Place    | Note
-------+----------+-------------------------------------------
     0 | D:1      | emikaela the Barachi Conjurer began the quest for the Orb.
     0 | D:1      | Reached XP level 1. HP: 13/13 MP: 3/3
   161 | D:1      | Reached XP level 2. HP: 16/20 MP: 3/5
   164 | D:1      | Learned a level 2 spell: Searing Ray
   687 | D:1      | Reached skill level 1 in Fighting
  1013 | D:1      | Reached XP level 3. HP: 26/26 MP: 4/6
  1017 | D:1      | Learned a level 3 spell: Dazzling Flash
  1908 | D:2      | Reached XP level 4. HP: 32/32 MP: 2/7
  2218 | D:2      | Reached skill level 5 in Conjurations
  2218 | D:2      | Reached skill level 1 in Hexes
  2768 | D:2      | Found a faded altar of an unknown god.
  2773 | D:2      | Prayed at the altar of an unknown god.
  2773 | D:2      | Became a worshipper of Ignis, the Dying Flame
  3568 | D:3      | Reached XP level 5. HP: 38/38 MP: 6/9
  3839 | D:3      | Noticed Robin
  3870 | D:3      | Killed Robin
  4634 | D:4      | Found a staircase to the Ecumenical Temple.
  4677 | D:4      | Reached XP level 6. HP: 44/44 MP: 5/10
  4749 | D:4      | Reached skill level 1 in Armour
  5311 | D:5      | Entered Level 5 of the Dungeon
  5365 | D:5      | Reached skill level 2 in Armour
  5643 | D:5      | Reached XP level 7. HP: 50/50 MP: 4/11
  5979 | D:5      | Reached skill level 3 in Armour
  6487 | D:5      | Found a glowing silver altar of Zin.
  6488 | D:5      | Found a bloodstained altar of Trog.
  6696 | D:6      | Reached skill level 4 in Armour
  6786 | D:6      | Reached XP level 8. HP: 51/56 MP: 2/12
  7023 | D:6      | Reached skill level 5 in Armour
  7207 | D:6      | Found a sand-covered staircase.
  7215 | Ossuary  | Entered an ossuary
  7891 | D:6      | Reached skill level 5 in Hexes
  8455 | D:6      | Reached XP level 9. HP: 61/61 MP: 6/13
  8460 | D:6      | Learned a level 4 spell: Fulminant Prism
  8465 | D:6      | Learned a level 4 spell: Cause Fear
  8660 | D:7      | Noticed a moth of wrath
  8666 | D:7      | Noticed Skimidon's ghost (novice VSIE)
  8694 | D:7      | Found a bloodstained altar of Trog.
  8711 | D:7      | Found a transporter.
  8715 | D:7      | Found a transporter.
  8954 | D:7      | Noticed Dowan
  8978 | D:7      | Killed Dowan
  8978 | D:7      | Noticed Duvessa
  8999 | D:7      | Killed Duvessa
  9397 | D:7      | Reached skill level 10 in Conjurations
  9632 | D:7      | Noticed Pikel
  9865 | D:7      | Noticed a kobold demonologist
  9881 | D:7      | Noticed an orange demon
  9894 | D:6      | Killed Pikel
  9895 | D:6      | Reached skill level 5 in Spellcasting
 10046 | D:7      | Noticed a rust devil
 10046 | D:7      | Killed a kobold demonologist
 10700 | D:8      | Reached XP level 10. HP: 67/67 MP: 9/17
 10766 | D:8      | Found a flagged portal.
 10783 | Bailey   | Entered a bailey
 11409 | Bailey   | Learned a level 3 spell: Confusing Touch
 11822 | Bailey   | Reached skill level 10 in Hexes
 12417 | Bailey   | Reached skill level 6 in Armour
 13033 | Bailey   | Reached skill level 5 in Fighting
 13099 | Bailey   | Reached skill level 7 in Armour
 14046 | D:8      | Reached skill level 8 in Armour
 14457 | D:9      | Noticed Joseph
 14612 | D:9      | Noticed a white ugly thing
 14637 | D:9      | HP: 2/79 [white ugly thing (10)]
 14637 | D:9      | Killed a white ugly thing
 14760 | D:9      | Killed Joseph
 14761 | D:9      | Reached XP level 11. HP: 87/87 MP: 2/18
 15268 | D:9      | Found a staircase to the Lair.
 15708 | D:9      | Noticed a two-headed ogre
 15719 | D:9      | Killed a two-headed ogre
 15720 | D:9      | Reached skill level 10 in Fighting
 15880 | D:9      | Noticed a deep elf pyromancer
 15928 | D:9      | Killed a deep elf pyromancer
 16149 | D:10     | Entered Level 10 of the Dungeon
 16149 | D:10     | Noticed Nergalle
 16171 | D:9      | Killed Nergalle
 16172 | D:9      | Reached skill level 9 in Armour
 16387 | Lair:1   | Entered Level 1 of the Lair of Beasts
 16548 | D:9      | Reached skill level 10 in Armour
 16652 | D:9      | Reached skill level 5 in Dodging
 17285 | Lair:1   | Reached skill level 11 in Armour
 17597 | Lair:1   | Identified the +1 robe of Maddulos {rElec rF- rCorr SInv}
 18126 | Lair:2   | Noticed an eight-headed hydra
 18136 | Lair:2   | Killed an eight-headed hydra
 18137 | Lair:2   | Reached skill level 1 in Evocations
 18235 | Lair:2   | Reached skill level 12 in Armour
 18235 | Lair:2   | Reached XP level 12. HP: 97/97 MP: 11/19
 18380 | Lair:2   | Noticed a catoblepas
 18953 | Lair:1   | Killed a catoblepas
 19834 | Lair:2   | Reached skill level 13 in Armour
 19958 | Lair:3   | Found a dark tunnel.
 19965 | Volcano  | Entered a volcano
 19980 | Volcano  | Noticed a stone giant
 20127 | Lair:3   | Noticed a seven-headed hydra
 20138 | Lair:3   | Killed a seven-headed hydra
 20860 | Lair:4   | Noticed a catoblepas
 20964 | Lair:4   | Noticed a catoblepas
 21268 | Lair:4   | Noticed a death yak
 21407 | Lair:4   | Killed a catoblepas
 21558 | Lair:4   | Noticed a death yak
 21558 | Lair:4   | Noticed a death yak
 21558 | Lair:4   | Noticed a death yak
 21595 | Lair:4   | Killed a death yak
 21596 | Lair:4   | Reached skill level 5 in Evocations
 21700 | Lair:4   | Found a runed translucent gate.
 21704 | Lair:4   | Found a runed translucent gate.
 21797 | Lair:1   | Reached skill level 14 in Armour
 22403 | D:10     | Gained mutation: You can hop long distances. [Barachi
                  | growth]
 22403 | D:10     | Reached XP level 13. HP: 103/103 MP: 11/21
 22700 | D:10     | Found a staircase to the Orcish Mines.
 23414 | D:10     | HP: 5/103 [boulder beetle (19)]
 23567 | D:11     | Noticed Erolcha
 24004 | Lair:4   | Found a hole to the Spider Nest.
 24025 | Lair:4   | Found a staircase to the Shoals.
 24216 | Lair:4   | Slain by a death yak

Illustrated notes

Levels and vault maps discovered:
D:1:      dpeg_arrival_pits, layout_basic, minmay_pentomino_w2
D:2:      layout_loops_corners, ebering_ecumenical_altar_hall
D:3:      kennysheep_goblin_castle, layout_rooms, patterned_corridor
D:4:      layout_basic, minmay_temple_entry_offerings
D:5:      layout_loops_ring, gammafunk_temple_overflow_statue
D:6:      layout_loops_ring, enter_ossuary_3, kennysheep_generic_room_4
D:7:      layout_loops_corners, gammafunk_ghost_wrathful_warriors,
          nicolae_sextant, st_stairs_3, kennysheep_generic_room_11,
          uniq_duvessa, uniq_pikel
D:8:      layout_basic, enter_bailey_5
D:9:      minmay_slanted_spiral_squares, layout_loops_cross, dpeg_oklobed_lair,
          uniq_joseph
D:10:     layout_long_grid, orc_0_dummy, uniq_nergalle
D:11:     layout_roguey, uniq_erolcha
Lair:1:   layout_small_grid, serial_bayou_shore_b
Lair:2:   layout_chaotic_city
Lair:3:   layout_chaotic_city, nicolae_volcano_entry_two_sided
Lair:4:   layout_regular_city, elwin_shoals_entry_rocks, dummy_spider_entry,
          gammafunk_ghost_ooze, infiniplex_staircase_pool_2,
          serial_bayou_shore_b

Skill      XL: |  1  2  3  4  5  6  7  8  9 10 11 12 13 |
---------------+----------------------------------------+-----
Stealth        | 2 3 |  3.0
Fighting       | 1 2 8 10 | 10.0
Conjurations   | 5 6 8 9 10 | 10.0
Hexes          | 1 2 5 9 10 11 12 | 12.0
Dodging        | 3 6 8 |  8.8
Spellcasting   | 3 5 6 |  6.4
Armour         | 2 4 5 8 12 14 | 14.7
Evocations     | 1 5 6 |  6.0

Action                   |  1- 3 |  4- 6 |  7- 9 | 10-12 | 13-15 || total
-------------------------+-------+-------+-------+-------+-------++-------
Melee: Unarmed           |     5 |       |       |       |       ||     5
       Dagger            |     1 |     1 |       |       |       ||     2
       Mace              |       |       |    14 |     9 |       ||    23
       Halberd           |       |       |       |   111 |     9 ||   120
 Cast: Magic Dart        |    80 |   167 |   147 |   406 |    39 ||   839
       Searing Ray       |       |     4 |    46 |   161 |    28 ||   239
       Fulminant Prism   |       |       |       |    13 |       ||    13
       Dazzling Flash    |       |       |       |     1 |       ||     1
       Confusing Touch   |       |       |       |     2 |       ||     2
       Cause Fear        |       |       |       |       |     1 ||     1
Invok: Fiery Armour      |       |       |     2 |     5 |     1 ||     8
       Foxfire Swarm     |       |       |       |       |     4 ||     4
       Rising Flame      |       |       |       |       |     1 ||     1
 Abil: Hop               |     3 |     3 |     4 |     9 |     4 ||    23
Evoke: Wand              |       |       |       |       |     6 ||     6
  Use: Scroll            |       |     5 |     5 |    17 |       ||    27
       Potion            |       |       |       |     1 |     2 ||     3
 Stab: Sleeping          |     1 |     1 |       |       |     1 ||     3
       Confused          |       |       |       |     1 |       ||     1
Armor: Robe              |       |     5 |       |    10 |    41 ||    56
       Scale mail        |       |    20 |    90 |   440 |       ||   550
Dodge: Dodged            |    12 |    24 |    62 |   350 |    69 ||   517
